Map: Oxide LE

Players

Kas

  • Race: Terran Terran
  • League: Master

Strange - Winner!

  • Race: Protoss Protoss
  • League: Master

Event: DreamHack SC2 Masters 2021 Summer

VOD

Have the link to the VOD?

Description

Time

  • Played on: May 26, 2021, 10:18 a.m.
  • Length: 10:13

All games in this series

Show
View Real Time Build Order
Export as new Build Order

Kas Terran 

Build Orders:  

Get SALT Encoding   

  12  0:00  SCV  
  13  0:12  SCV  
  14  0:17  Supply Depot  
  14  0:24  SCV  
  15  0:38  SCV  
  15  0:40  Barracks  
  16  0:46  Refinery  
  16  0:50  SCV  
  17  1:03  SCV  
  18  1:15  SCV  
  19  1:29  Orbital Command  
  19  1:30  Marine  
  20  1:46  Command Center  
  20  1:48  Barracks Reactor  
  20  1:56  SCV  
  20  1:57  Supply Depot  
  21  2:08  SCV  
  22  2:09  Factory  
  22  2:16  Bunker  
  22  2:22  SCV  
  23  2:25  Marine x2  
  25  2:34  SCV  
  26  2:38  Refinery  
  26  2:43  Reaper  
  26  2:44  Reaper  
  28  2:46  SCV  
  29  2:53  Hellion  
  31  3:07  SCV, Orbital Command  
  32  3:14  Starport  
  32  3:15  Marine x2  
  32  3:19  SCV  
  35  3:21  Widow Mine  
  35  3:26  Supply Depot  
  37  3:31  SCV  
  37  3:33  Marine x2  
  40  3:34  SCV  
  41  3:43  SCV  
  41  3:46  SCV  
  43  3:51  Medivac  
  43  3:55  SCV  
  48  3:57  Factory Tech Lab  
  48  3:58  SCV  
  48  3:59  Barracks  
  48  4:02  Barracks  
  47  4:04  Marine x2  
  49  4:13  SCV  
  49  4:14  SCV  
  49  4:16  Refinery, Siege Tank  
  54  4:22  Starport Tech Lab  
  54  4:27  Supply Depot  
  54  4:30  Supply Depot  
  54  4:38  Marine x2  
  54  4:39  SCV x2  
  54  4:42  Raven  
  60  4:46  Marine  
  60  4:50  Marine  
  60  4:51  SCV  
  63  4:53  SCV  
  63  4:56  Marine x2  
  63  4:58  Siege Tank  
  69  5:03  SCV  
  69  5:04  Marine  
  69  5:06  Supply Depot  
  71  5:07  SCV  
  71  5:08  Marine  
  71  5:14  Refinery, Marine  
  73  5:15  SCV  
  73  5:20  SCV  
  76  5:22  Engineering Bay  
  76  5:27  SCV  
  76  5:32  SCV  
  76  5:33  Marine  
  76  5:34  Marine  
  79  5:37  Marauder, Stimpack  
  79  5:39  SCV  
  79  5:41  Supply Depot, Combat Shield  
  82  5:44  SCV  
  82  5:48  Marauder  
  85  5:51  SCV, Terran Infantry Weapons Level 1  
  85  5:55  Factory Reactor  
  86  6:02  SCV, Marine x2, Medivac  
  86  6:04  SCV  
  92  6:06  Marauder  
  94  6:12  Command Center  
  94  6:17  Supply Depot  
  94  6:21  Marine x2, Supply Depot  
  94  6:22  Marauder  
  98  6:27  SCV  
  98  6:30  SCV  
  98  6:31  Supply Depot  
  98  6:32  Marauder  
  102  6:39  Factory Reactor, Marine x2  
  104  6:44  SCV, Marauder  
  104  6:45  Medivac  
  104  6:46  Medivac  
  111  6:48  SCV  
  112  6:57  SCV  
  112  6:59  Concussive Shells  
  110  7:13  Marauder x2, Marine x2  
  110  7:14  SCV  
  117  7:16  Supply Depot  
  117  7:17  Supply Depot  
  117  7:19  SCV  
  118  7:22  Barracks  
  118  7:23  Barracks, Viking x2  
  118  7:26  SCV  
  123  7:35  Marauder x2  
  126  7:40  SCV  
  100  7:58  SCV  
  100  8:00  Orbital Command  
  79  8:13  Marine  
  79  8:14  Marauder x2, Marine  
  79  8:17  SCV x2  
  87  8:20  Missile Turret  
  87  8:26  Barracks Tech Lab, Medivac x2  
  91  8:29  SCV  
  91  8:31  Marine x2  
  91  8:32  SCV  
  95  8:34  Orbital Command  
  95  8:35  Marauder x2  
  95  8:38  Marine x2  
  101  8:41  SCV  
  101  8:44  SCV  
  101  8:46  Marauder  
  97  8:56  Marauder  
  96  9:09  Barracks Tech Lab  
  92  9:12  SCV  
  92  9:14  SCV x2, Missile Turret  
  92  9:17  Marauder, Marine x2  
  97  9:18  Marauder  
  97  9:20  Marine x2  
  101  9:24  SCV  
  101  9:26  SCV x2  
  104  9:32  Medivac  
  104  9:36  SCV  
  104  9:38  SCV x2  
  108  9:43  Marauder x2, Marine x2  
  115  9:46  Marauder  
  115  9:48  Marine  
Show
View Real Time Build Order
Export as new Build Order

Strange Protoss - Winner!

Build Orders: 1 Gate Expand, Phoenix Opening, Blink Stalkers, Colossus Rush 

Get SALT Encoding   

  12  0:00  Probe  
  13  0:12  Probe  
  14  0:17  Pylon  
  14  0:24  Probe (Chrono Boost)  
  16  0:36  Probe (Chrono Boost)  
  16  0:37  Gateway  
  16  0:43  Probe (Chrono Boost)  
  16  0:46  Assimilator  
  17  0:51  Probe  
  18  1:03  Probe  
  19  1:15  Probe  
  20  1:23  Cybernetics Core  
  20  1:33  Nexus  
  20  1:42  Pylon  
  20  1:43  Probe  
  21  1:51  Assimilator  
  21  1:55  Probe  
  21  1:57  Stalker (Chrono Boost)  
  24  2:03  Warp Gate  
  24  2:07  Probe  
  25  2:20  Probe  
  26  2:22  Sentry (Chrono Boost)  
  28  2:32  Probe  
  28  2:43  Twilight Council  
  29  2:45  Probe (Chrono Boost)  
  29  2:49  Probe (Chrono Boost), Phoenix  
  30  2:54  Probe (Chrono Boost)  
  30  2:55  Gateway  
  30  2:58  Probe (Chrono Boost)  
  32  2:59  Probe (Chrono Boost)  
  32  3:01  Stalker  
  35  3:08  Probe  
  35  3:10  Pylon  
  35  3:11  Probe  
  35  3:12  Blink (Chrono Boost)  
  39  3:31  Gateway  
  39  3:32  Gateway  
  37  3:35  Shield Battery  
  37  3:39  Probe  
  37  3:40  Probe  
  39  3:46  Robotics Facility  
  39  3:51  Probe  
  39  3:52  Probe  
  41  3:58  Assimilator  
  41  4:01  Assimilator  
  41  4:02  Stalker  
  43  4:04  Probe x2  
  43  4:09  Stalker  
  47  4:16  Probe, Pylon  
  48  4:18  Gateway  
  48  4:19  Probe  
  49  4:25  Stalker  
  49  4:28  Probe  
  52  4:31  Probe  
  52  4:34  Observer  
  52  4:37  Stalker  
  56  4:40  Probe  
  56  4:43  Probe, Pylon  
  58  4:52  Probe  
  59  4:53  Forge, Robotics Bay  
  59  4:55  Probe, Stalker  
  62  5:01  Observer  
  62  5:02  Pylon  
  62  5:04  Probe  
  64  5:19  Probe  
  65  5:28  Nexus  
  65  5:31  Protoss Ground Weapons Level 1, Pylon  
  65  5:33  Probe x2  
  67  5:40  Gateway  
  67  5:42  Gateway  
  67  5:43  Colossus (Chrono Boost)  
  67  5:49  Extended Thermal Lance  
  73  5:55  Pylon  
  73  5:56  Probe x2  
  75  6:07  Dark Shrine  
  75  6:08  Probe x2  
  77  6:11  Observer, Charge  
  77  6:20  Probe, Warp Prism (Chrono Boost)  
  77  6:21  Shield Battery  
  77  6:24  Photon Cannon, Sentry  
  82  6:37  Gateway x2  
  82  6:39  Pylon  
  82  6:40  Observer  
  82  6:42  Probe x3  
  85  6:47  Colossus (Chrono Boost)  
  91  7:09  Probe  
  92  7:21  Dark Templar x3  
  94  7:25  Zealot x2  
  94  7:30  Colossus (Chrono Boost)  
  94  7:34  Stalker  
  94  7:35  Zealot  
  102  7:37  Shield Battery  
  102  7:39  Photon Cannon  
  102  7:40  Photon Cannon  
  102  7:42  Photon Cannon  
  102  7:45  Pylon  
  102  7:47  Zealot x2  
  104  7:53  Zealot x2  
  104  7:54  Zealot  
  95  8:02  Stalker  
  95  8:04  Zealot  
  91  8:12  Stalker x2, Protoss Ground Armor Level 1 (Chrono Boost)  
  89  8:14  Probe x3  
  88  8:21  Dark Templar x2  
  88  8:25  Dark Templar  
  88  8:26  Probe x2  
  96  8:28  Assimilator  
  96  8:30  Pylon  
  96  8:31  Assimilator  
  96  8:34  Probe  
  96  8:37  Gateway  
  96  8:38  Immortal (Chrono Boost)  
  101  8:43  Gateway  
  101  8:44  Zealot x2  
  101  8:47  Probe x3  
  106  9:05  Observer  
  100  9:10  Colossus (Chrono Boost)  
  100  9:13  Zealot x7  
  116  9:31  Pylon  
  116  9:32  Dark Templar  
  116  9:33  Zealot x3  
  116  9:36  Dark Templar x2, Sentry  
  130  9:41  Archon  
  130  9:43  Photon Cannon  
  130  9:49  Pylon  
  136  9:58  Dark Templar x2  
  134  10:02  Zealot x4  
Tags
 
Add a new tag
Caveats
  • Supply blocks, unpowered buildings, or Contaminate may cause inaccurate times.
  • Supply counts are checked every 10 seconds.